 Dungeon Crawl Stone Soup version 0.21.1-1-g345015fe64 (webtiles) character file.

1217 PikkenKukken the Poker (level 8, -6/58 HPs)
             Began as a Merfolk Ice Elementalist on June 9, 2018.
             Mangled by a wight
             ... wielding a cursed +0 scimitar
              (11 damage)
             ... on level 5 of the Dungeon.
             The game lasted 00:23:35 (7925 turns).

PikkenKukken the Poker (Merfolk Ice Elementalist)   Turns: 7925, Time: 00:23:36

Health: -6/58      AC:  7    Str: 14    XL:     8   Next: 46%
Magic:  23/23      EV: 14    Int: 15    God:
Gold:   210        SH:  0    Dex: 15    Spells: 5/15 levels left

rFire    . . .     SeeInvis .   f - +4 scythe (slice)
rCold    + . .     Gourm    .   (shield currently unavailable)
rNeg     . . .     Faith    .   a - +0 robe
rPois    .         Spirit   .   (no helmet)
rElec    .         Reflect  .   (no cloak)
rCorr    .         Harm     .   (no gloves)
MR       .....                  (no boots)
Stlth    ++........             (no amulet)
HPRegen  0.19/turn              i - ring of protection from cold
MPRegen  0.18/turn              s - ring of magical power

@: mighty, icy armour (expiring), drained, slow
A: change form in water, swift swim, stealthy swim
a: no special abilities


You were on level 5 of the Dungeon.
You were hungry.

You visited 1 branch of the dungeon, and saw 6 of its levels.

You collected 210 gold pieces.

Inventory:

Hand Weapons
 f - a +4 scythe of slicing (weapon)
 g - a +0 short sword
 k - a +1 mace of protection
Missiles
 h - 247 stones (quivered)
 p - 32 bolts
Armour
 a - a +0 robe (worn)
Jewellery
 i - a ring of protection from cold (left hand)
 s - a ring of magical power (right hand)
Wands
 q - a wand of paralysis (14)
 t - a wand of digging (13)
Scrolls
 d - 3 scrolls of identify
 e - 2 scrolls of enchant armour
 m - 3 scrolls of amnesia
 o - a scroll of blinking
 v - 3 scrolls of teleportation
Potions
 l - 3 potions of curing
 r - a potion of cancellation
Books
 b - a book of Frost

   Spells                             Type                      Level
   a - Freeze                         Ice                          1
   b - Throw Frost                    Conjuration/Ice              2
   c - Ozocubu's Armour               Charms/Ice                   3
   d - Throw Icicle                   Conjuration/Ice              4
   e - Summon Ice Beast               Ice/Summoning                4
 u - a book of Changes

   Spells                             Type                      Level
   a - Beastly Appendage              Transmutation                1
   b - Sticks to Snakes               Transmutation                2
   c - Spider Form                    Transmutation/Poison         3
   d - Ice Form                       Ice/Transmutation            4
   e - Blade Hands                    Transmutation                5
Comestibles
 c - 8 rations


   Skills:
 * Level 3.5(2.7) Fighting
 - Level 0.8(0.1) Maces & Flails
 * Level 6.9(5.9) Polearms
 * Level 5.3(4.4) Dodging
 - Level 2.2(1.4) Stealth
 - Level 0.8(0.0) Unarmed Combat
 + Level 4.1(3.2) Spellcasting
 * Level 2.7(1.9) Conjurations
 + Level 0.3(0.0) Charms
 + Level 5.4(4.5) Ice Magic


You had 5 spell levels left.
You knew the following spells:

 Your Spells              Type           Power        Failure   Level  Hunger
a - Freeze                Ice            ###.         3%          1    #......
b - Throw Frost           Conj/Ice       ##....       8%          2    ##.....
c - Ozocubu's Armour      Chrm/Ice       #.......     22%         3    ###....
d - Throw Icicle          Conj/Ice       ##......     45%         4    #####..


Dungeon Overview and Level Annotations

Branches:
Dungeon (6/15)             Temple (0/1) D:6

Altars:
Cheibriados
Nemelex Xobeh
Okawaru
Ru
Zin


Message History

* * * LOW HITPOINT WARNING * * *
You feel very mighty all of a sudden.
You hit the wight but do no damage.
The wight is heavily damaged.
The wight closely misses you. The wight misses you.
You slash the wight!
You destroy the wight!
The wight closely misses you.
Your icy armour starts to melt.
The wight hits you with a scimitar.
* * * LOW HITPOINT WARNING * * *
You feel drained.
* * * LOW HITPOINT WARNING * * *
There is an open door here.
Things that are here:
a great sword; a robe You closely miss the wight.
The wight is heavily damaged.
The wight barely misses you. The wight hits you with a scimitar!
You die...

##### #########
....#####.......##############
................#............#
................#z...........#
................@............#
...............##............#
###............##............#
..........######.............#
..........######.............#
......##.......#.............###
.......'.......'..............>#
..######.......#.....#########.#
..# ####.......#..........# #.##


You could see a wight.

Vanquished Creatures
  Sigmund (D:2)
  An ice beast (D:4)
  3 ogres
  A centaur (D:4)
  A bullfrog (D:6)
  2 wights (D:5)
  A howler monkey (D:5)
  A crimson imp (D:4)
  A hound (D:5)
  A centaur skeleton (D:4)
  An orc priest (D:4)
  A jelly (D:6)
  An iguana (D:4)
  2 worker ants
  2 hound zombies (D:5)
  A hound skeleton (D:4)
  7 adders
  An ooze (D:2)
  An adder skeleton (D:5)
  2 worms
  3 dart slugs
  3 leopard geckos
  18 orcs
  6 bats
  4 giant cockroaches
  8 goblins
  5 hobgoblins
  3 jackals (D:4)
  A quokka (D:4)
  6 frilled lizards
  A jackal skeleton (D:4)
  7 kobolds
  4 rats
101 creatures vanquished.

Notes
Turn   | Place    | Note
-------+----------+-------------------------------------------
     0 | D:1      | PikkenKukken the Merfolk Ice Elementalist began the quest for the Orb.
     0 | D:1      | Reached XP level 1. HP: 13/13 MP: 3/3
   153 | D:1      | Reached XP level 2. HP: 10/19 MP: 1/5
   453 | D:1      | Learned a level 2 spell: Throw Frost
  1506 | D:1      | Found a sparkling altar of Nemelex Xobeh.
  1836 | D:2      | Reached XP level 3. HP: 24/24 MP: 1/6
  1950 | D:2      | Noticed Sigmund
  1962 | D:2      | HP: 1/24 [dart slug (1)]
  2460 | D:2      | Killed Sigmund
  2460 | D:2      | Reached skill level 1 in Conjurations
  2460 | D:2      | Reached XP level 4. HP: 6/31 MP: 7/9
  2460 | D:2      | Reached XP level 5. HP: 7/36 MP: 7/10
  2731 | D:2      | Learned a level 3 spell: Ozocubu's Armour
  3406 | D:2      | Found an iron altar of Okawaru.
  3519 | D:3      | Reached XP level 6. HP: 41/42 MP: 4/11
  3640 | D:3      | Reached skill level 1 in Fighting
  3642 | D:3      | Reached skill level 1 in Polearms
  4699 | D:4      | Reached skill level 2 in Polearms
  4963 | D:4      | Reached skill level 5 in Ice Magic
  5050 | D:4      | Reached skill level 3 in Polearms
  5050 | D:4      | Reached XP level 7. HP: 38/50 MP: 2/12
  5328 | D:4      | Found a glowing silver altar of Zin.
  5328 | D:4      | Found a snail-covered altar of Cheibriados.
  5329 | D:4      | Found a sacrificial altar of Ru.
  5638 | D:4      | Reached skill level 4 in Polearms
  5832 | D:5      | Entered Level 5 of the Dungeon
  6117 | D:5      | HP: 1/51 [orc/trident (5)]
  6627 | D:4      | Reached skill level 5 in Polearms
  6705 | D:5      | Reached XP level 8. HP: 28/58 MP: 13/13
  6898 | D:5      | Learned a level 4 spell: Throw Icicle
  7082 | D:5      | Reached skill level 6 in Polearms
  7082 | D:5      | Reached skill level 5 in Dodging
  7716 | D:6      | Found a staircase to the Ecumenical Temple.
  7925 | D:5      | Mangled by a wight

Skill      XL: |  1  2  3  4  5  6  7  8 |
---------------+-------------------------+-----
Dodging        | 3 4 5 |  5.3
Ice Magic      | 4 5 |  5.4
Spellcasting   | 3 4 |  4.1
Conjurations   | 1 2 |  2.7
Fighting       | 2 3 |  3.5
Polearms       | 3 5 6 |  6.9
Maces & Flails | |  0.8
Stealth        | |  2.2
Unarmed Combat | |  0.8
Charms         | |  0.3

Action                   |  1- 3 |  4- 6 |  7- 9 || total
-------------------------+-------+-------+-------++-------
Melee: Unarmed           |    21 |       |       ||    21
       Mace              |     8 |       |       ||     8
       Scythe            |       |    59 |    90 ||   149
 Cast: Freeze            |    21 |    16 |    17 ||    54
       Throw Frost       |    15 |    33 |    39 ||    87
       Ozocubu's Armour  |       |     3 |     2 ||     5
  Use: Scroll            |     4 |     5 |     2 ||    11
       Potion            |     3 |     3 |     2 ||     8
 Stab: Sleeping          |       |     3 |     2 ||     5
  Eat: Chunk             |     5 |     5 |    10 ||    20
       Ration            |     1 |     1 |       ||     2
Armor: Robe              |     7 |    10 |    18 ||    35
Dodge: Dodged            |    53 |    59 |   133 ||   245
